 Dungeon Sprint DCSS version 0.20-a0-876-g2c7b0bf (webtiles) character file.

7 esc the Sneak (level 1, -10/9 HPs)
             Began as a Spriggan Enchanter on Mar 15, 2017.
             Mangled by Menkaure (15 damage)
             ... in the Dungeon (Sprint II: "The Violet Keep of Menkaure").
             The game lasted 00:00:25 (17 turns).

esc the Sneak (Spriggan Enchanter)                    Turns: 17, Time: 00:00:26

Health: -10/9      AC:  2    Str:  4    XL:     1   Next: 83%
Magic:  5/6        EV: 19    Int: 16    God:
Gold:   243        SH:  0    Dex: 16    Spells: 6/7 levels left

rFire    . . .     SeeInvis +   a - +1 dagger
rCold    . . .     Gourm    .   b - +0 robe
rNeg     . . .     Faith    .   (shield restricted)
rPois    .         Spirit   .   (helmet restricted)
rElec    .         Reflect  .   (no cloak)
rCorr    .         Harm     .   (gloves unavailable)
MR       .....     NoTele   +   (boots unavailable)
Stlth    +++.......             (no amulet)
Regen    0.1/turn               (no ring)
MPRegen  0.1/turn               (no ring)

@: exhausted, very slightly contaminated, hasted and slowed, very quick
A: unfitting armour, see invisible, herbivore 3, speed 3, slow metabolism 2
a: no special abilities


You were in the Dungeon.
You were not hungry.

You visited 1 branch You collected 243 gold pieces.

Inventory:

Hand Weapons
 a - a +1 dagger (weapon)
Armour
 b - a +0 robe (worn)
Scrolls
 j - a scroll of blinking {!r}
Potions
 e - a potion of curing
 f - a potion of heal wounds
 h - 2 potions of magic
Books
 c - a book of Maledictions
Comestibles
 d - a bread ration {@e1}


   Skills:
 + Level 0.8 Fighting
 + Level 1.7 Short Blades
 + Level 3.6 Dodging
 + Level 5.0 Stealth
 + Level 3.5 Spellcasting
 + Level 4.0 Hexes


You had 6 spell levels left.
You knew the following spells:

 Your Spells              Type           Power        Failure   Level  Hunger
v - Corona                Hex            ###....      4%          1    None


Dungeon Overview and Level Annotations

Branches:
Dungeon (1/1)

Altars:

Annotations:
D Menkaure


Innate Abilities, Weirdness & Mutations

You are very small and have problems with some larger weapons.
You are too small for most types of armour.
You have supernaturally acute eyesight. (SInv)
You are a herbivore.
You cover ground extremely quickly.
You need consume almost no food.


Message History

Welcome, esc the Spriggan Enchanter.
Found a staircase leading out of the dungeon.
As you open the door, it creaks loudly! 2 worms come into view.
There is an open door here.
Really quaff
i - a potion of berserk rage {!q}?
A red film seems to cover your vision as you go berserk!
You feel yourself moving faster!
You feel mighty!
You now have 13/13 hp.
You puncture the worm! You puncture the worm!
You kill the worm!
Your Spellcasting skill increases to level 3!
The worm closely misses you.
You barely miss the worm. You puncture the worm! The worm bites you.
You take 6 damage, and have 7/13 hp.
MASSIVE DAMAGE!!
You puncture the worm!
You kill the worm!
Your Stealth skill increases to level 5!
Your Hexes skill increases to level 4!
No target in view!
No target in view!
You now have 243 gold pieces.
You feel a strong urge to attack something.
Menkaure opens the door.
Unknown command.
A crocodile comes into view.
Menkaure shouts!
You feel your anger subside.
A worm comes into view.
You are no longer berserk.
You are exhausted.
You feel yourself slow down.
There is an open door here.
You now have 5/9 hp.
You feel yourself speed up. Menkaure barely misses you.
You are very lightly contaminated with residual magic.
Okay, then.
You hit Menkaure but do no damage. You barely miss Menkaure. Menkaure hits you!
Ouch! That really hurt!
You die...

++ .. .. .####
...# ###..##
#+###.##..#
##.##†..#@.#
+.<.'.##wM.#
##.####.#t...#
#+#
#.##......≈ ##
≈≈.....≈#
≈§≈§§..≈#
§≈≈§§≈.≈#
≈§≈§§≈§§≈#
§≈§≈≈≈≈


You could see a crocodile, Menkaure and a worm.

Vanquished Creatures
  2 worms (D)
2 creatures vanquished.

Notes
Turn   | Place    | Note
-------+----------+-------------------------------------------
     0 | D        | esc the Spriggan Enchanter began the quest for the Orb.
     0 | D        | Reached XP level 1. HP: 9/9 MP: 5/5
     5 | D        | Reached skill level 3 in Spellcasting
     8 | D        | Reached skill level 5 in Stealth
     8 | D        | Reached skill level 4 in Hexes
    12 | D        | Noticed Menkaure
    12 | D        | Noticed a crocodile
    17 | D        | Mangled by Menkaure

Vault maps used:
D:        the_violet_keep_of_menkaure

Skill      XL: |  1 |
---------------+----+-----
Spellcasting   | 3 |  3.5
Stealth        | 5 |  5.0
Hexes          | 4 |  4.0
Fighting       | |  0.8
Short Blades   | |  1.7
Dodging        | |  3.6

Action                   || total
-------------------------++-------
Melee: Dagger            ||     7
  Use: Potion            ||     2
Dodge: Dodged            ||     2

Vault maps used:
D:        the_violet_keep_of_menkaure

Table legend:
 A = Turns spent in this place as a percentage of turns spent in the entire game.
 B = Non-inter-level travel turns spent in this place as a percentage of non-inter-level travel turns spent in the entire game.
 C = Inter-level travel turns spent in this place as a percentage of turns spent in this place.
 D = Turns resting spent in this place as a percentage of non-inter-level travel turns spent in this place.
 E = Turns spent auto-exploring this place as a percentage of non-inter-level travel turns spent in this place.
 F = Non-inter-level travel turns spent in this place divided by the number of levels of this place that you've seen.
                   A       B       C       D       E      F
               +-------+-------+-------+-------+-------+----------------------
         Total | 100.0 | 100.0 |   0.0 |   0.0 |   0.0 |  21.0
       Dungeon | 100.0 | 100.0 |   0.0 |   0.0 |   0.0 |  21.0
               +-------+-------+-------+-------+-------+----------------------

Table legend:
 A = Kills in this place as a percentage of kills in entire the game.
 B = Kills by you in this place as a percentage of kills by you in the entire game.
 C = Kills by friends in this place as a percentage of kills by friends in the entire game.
 D = Other kills in this place as a percentage of other kills in the entire game.
 E = Experience gained in this place as a percentage of experience gained in the entire game.
 F = Experience gained in this place divided by the number of levels of this place that you have seen.
                   A       B       C       D       E      F
               +-------+-------+-------+-------+-------+----------------------
         Total | 100.0 | 100.0 |  -nan |  -nan | 100.0 |  10.0
       Dungeon | 100.0 | 100.0 |  -nan |  -nan | 100.0 |  10.0
               +-------+-------+-------+-------+-------+----------------------
